AoeStats
← 騷護士

Arena

510801801Analyzed
4v4 RM · 7h ago on Oct 2, 2026· 36m 3s· 8 players
Game mode
Random Map
Map size
Large (8 player)
Population
200
Speed
Normal
Resources
Standard
Victory
Conquest
Starting age
Dark Age
Ending age
Imperial Age
RankedLock teamsTeams togetherTeam positionsShared explorationLock speedFull tech treeHidden civsTurbo modeCheats
Victory
Defeat
🇩🇪 Hindustanis · Germany
1491
+15
🇺🇸 Wei · United States
1490
+15
🇪🇸 Bohemians · Spain
1471
+16
🇩🇪 Vikings · Germany
1470
+16
🇹🇼 Varangians · Taiwan
1514
-16
🇦🇷 Franks · Argentina
1476
-16
🇺🇸 Britons · United States
1447
-15
🇺🇸 Bengalis · United States
1445
-15
TrCL.MAN1AC
11:01 Feudal Age
14:27 Castle Age
12:44 Double-Bit Axe
12:46 Horse Collar
15:54 Bow Saw
20:32 Gold Mining
25:44 Imperial Age
23:19 Loom
23:36 Scale Mail Armor
24:20 Forging
24:21 Heavy Plow
24:58 Gold Shaft Mining
25:16 Chain Mail Armor
25:07 Man-at-Arms
25:51 Elite Varangian Guard
25:56 Capped Ram
26:50 Squires
27:54 Plate Mail Armor
27:59 Iron Casting
27:12 Arson
30:58 Iron Casting
33:21 Siege Ram
34:51 Stone Mining
37:12 Blast Furnace
BigAl
10:55 Feudal Age
12:13 Loom
14:58 Castle Age
14:42 Double-Bit Axe
14:38 Horse Collar
22:12 Fervor
23:21 Wheelbarrow
22:31 Town Watch
24:05 Bow Saw
26:56 Hand Cart
26:26 Town Watch
29:15 Stone Mining
29:29 Heavy Plow
29:20 Gold Mining
29:42 Scale Barding Armor
29:47 Forging
32:42 Imperial Age
30:49 Chain Barding Armor
32:09 Iron Casting
32:26 Stone Shaft Mining
32:26 Gold Shaft Mining
32:24 Bloodlines
32:15 Husbandry
33:16 Tuntian
34:36 Blast Furnace
33:22 Elite Tiger Cavalry
34:38 Hoardings
34:45 Crop Rotation
35:21 Conscription
35:30 Ming Guang Armor
VaultBoy
11:07 Feudal Age
14:44 Castle Age
12:56 Double-Bit Axe
13:08 Horse Collar
15:45 Bow Saw
17:25 Redemption
19:04 Fervor
22:48 Loom
24:50 Chemistry
31:19 Imperial Age
29:15 Padded Archer Armor
32:54 Leather Archer Armor
34:13 Wheelbarrow
33:10 Houfnice
34:09 Heavy Plow
karpfen1337
11:03 Feudal Age
11:46 Double-Bit Axe
15:02 Castle Age
15:19 Loom
16:21 Bow Saw
16:08 Horse Collar
16:46 Scale Mail Armor
19:02 Forging
25:15 Chain Mail Armor
26:36 Wheelbarrow
30:47 Hand Cart
31:26 Heavy Plow
31:53 Scale Barding Armor
32:24 Iron Casting
34:35 Imperial Age
33:32 Chain Barding Armor
33:49 Fortified Wall
35:14 Light Cavalry
36:05 Bloodlines
35:55 Husbandry
36:31 Plate Barding Armor
36:57 Blast Furnace
Politox
10:41 Feudal Age
12:11 Loom
14:54 Castle Age
13:16 Double-Bit Axe
15:50 Bow Saw
22:33 Gold Mining
22:37 Stone Mining
24:30 Wheelbarrow
24:33 Gold Shaft Mining
24:33 Fortified Wall
26:05 Hand Cart
26:48 Fletching
29:39 Imperial Age
27:10 Treadmill Crane
27:26 Bodkin Arrow
30:28 Scale Barding Armor
30:34 Forging
Eat_Rice
10:38 Feudal Age
15:03 Castle Age
14:17 Double-Bit Axe
14:45 Horse Collar
15:29 Gold Mining
16:20 Bow Saw
21:42 Wheelbarrow
22:06 Loom
22:43 Fletching
25:11 Gold Shaft Mining
28:44 Imperial Age
26:12 Stone Mining
27:46 Bodkin Arrow
29:13 Hand Cart
29:00 Padded Archer Armor
29:22 Ballistics
29:59 Bracer
31:03 Two-Man Saw
31:31 Conscription
31:58 Leather Archer Armor
33:15 Ring Archer Armor
33:05 Elite Longbowman
34:02 Man-at-Arms
34:28 Gambesons
35:51 Chemistry
36:28 Yeomen
WILL_THE_AVERAGE
10:21 Feudal Age
10:25 Feudal Age
10:31 Feudal Age
14:44 Castle Age
12:59 Double-Bit Axe
12:54 Horse Collar
15:41 Heavy Plow
15:52 Bow Saw
18:03 Loom
23:09 Gold Mining
23:59 Wheelbarrow
23:11 Town Watch
27:36 Imperial Age
25:20 Fletching
26:00 Devotion
26:34 Bodkin Arrow
30:07 Bracer
騷護士
9:06 Feudal Age
7:23 Loom
13:44 Castle Age
12:11 Double-Bit Axe
13:18 Horse Collar
14:16 Wheelbarrow
20:13 Heavy Plow
23:22 Fortified Wall
24:57 Bow Saw
29:28 Imperial Age
27:41 Scale Mail Armor
28:42 Chain Mail Armor
28:38 Forging
29:49 Elite Varangian Guard
30:29 Squires
30:15 Gambesons
30:15 Arson
32:06 Gold Mining
33:16 Hand Cart
34:11 Two-Man Saw
34:00 Conscription
35:20 Plate Mail Armor
35:25 Iron Casting
35:47 Stone Mining
Connection lost

Rejoining the realm…

Still unreachable

The connection could not be restored.

Session expired

The server has moved on; the page needs a fresh start.